AoeStats
← [CL] Al3jandr0.magn00

Arabia

503656024Analyzed
1v1 RM · 1mo ago on Sep 1, 2026· 40m 6s· 2 players
Game mode
Random Map
Map size
Tiny (2 player)
Population
200
Speed
Normal
Resources
Standard
Victory
Conquest
Starting age
Dark Age
Ending age
Imperial Age
RankedLock teamsTeams togetherTeam positionsShared explorationLock speedFull tech treeHidden civsTurbo modeCheats
Victory
Defeat
🇨🇭 Slavs · Switzerland
1837
+21
🇦🇷 Hindustanis · Argentina
1944
-21
nlp
6:10 Loom
8:27 Feudal Age
9:05 Double-Bit Axe
12:25 Horse Collar
15:30 Wheelbarrow
18:49 Castle Age
17:40 Gold Mining
19:08 Bloodlines
19:21 Forging
18:52 Light Cavalry
19:38 Pikeman
23:55 Husbandry
25:29 Heavy Plow
33:19 Imperial Age
31:42 Scale Mail Armor
35:05 Gold Shaft Mining
35:07 Scale Barding Armor
35:58 Conscription
36:14 Hoardings
35:53 Masonry
37:17 Chain Barding Armor
38:51 Hand Cart
39:45 Iron Casting
[CL] Al3jandr0.magn00
6:34 Loom
9:08 Feudal Age
9:46 Double-Bit Axe
9:48 Horse Collar
17:42 Wheelbarrow
20:35 Castle Age
18:55 Gold Mining
19:30 Forging
20:17 Bloodlines
21:49 Husbandry
22:04 Bow Saw
21:44 Town Watch
31:20 Heavy Plow
34:06 Imperial Age
32:42 Stone Mining
33:08 Hand Cart
33:13 Scale Mail Armor
33:48 Iron Casting
33:15 Squires
33:00 Arson
34:59 Chain Mail Armor
36:14 Chemistry
37:23 Elite Ghulam
38:52 Stone Shaft Mining
39:34 Blast Furnace
Connection lost

Rejoining the realm…

Still unreachable

The connection could not be restored.

Session expired

The server has moved on; the page needs a fresh start.